cohdb
Replays
Latest Replays
All Replays
Popular Replays
Top Player Replays
Match Explorer
How It Works
Community
CoH3 Stats
Reddit
Sign in to upload your games and track your stats! →
Sign in with Steam
Match 45391805
Unlisted
Match 45391805
Overview
Messages
Build Orders
End
Construct Barracks
Riflemen Squad
Riflemen Squad
M1 Mortar Team
Grenade Package
Mechanized Support Center
Construct Medical Station
1⁄4-ton 4x4 Truck
Riflemen Squad
Construct Motor Pool
M24 Chaffee Light Tank
Selects Advanced Infantry Battlegroup
Selects Convert to Ranger Squad
Selects Frontline Medical Station
Convert to Ranger Squad
Construct Tank Depot
Designate Forward Repair Station
Convert to Ranger Squad
M4A1 Sherman Medium Tank
Engineer Squad
Engineer Squad
Selects Ranger Weapon Training
M4A1 Sherman Medium Tank
Frontline Medical Station
M4A1 76mm Conversion
....
胡萝卜
ö开挂死一户口本
THUNDERING19
Beta
Skibidi Rizzler
新年辞旧喜洋洋
冲锋大哥
0
0
Comments
sign in to comment!
No comments posted yet!